AoeStats
← xander.dijkstra

Arabia

509933333Analyzed
3v3 RM · 2d ago on Sep 28, 2026· 54m 1s· 6 players
Game mode
Random Map
Map size
Normal (6 player)
Population
200
Speed
Normal
Resources
Standard
Victory
Conquest
Starting age
Dark Age
Ending age
Imperial Age
RankedLock teamsTeams togetherTeam positionsShared explorationLock speedFull tech treeHidden civsTurbo modeCheats
Victory
Defeat
🇨🇿 Franks · Czechia
1014
+11
🇨🇿 Britons · Czechia
998
+12
🇨🇿 Celts · Czechia
887
+16
🇳🇱 Danes · Netherlands
932
-14
🇪🇸 Ethiopians · Spain
916
-14
🇩🇪 Khmer · Germany
861
-11
old school
3:07 Loom
11:16 Feudal Age
18:20 Wheelbarrow
19:18 Fletching
19:29 Padded Archer Armor
24:56 Castle Age
23:15 Gold Mining
24:16 Stone Mining
25:33 Crossbowman
33:22 Elite Skirmisher
34:36 Ballistics
34:26 Horse Collar
36:43 Hand Cart
36:54 Leather Archer Armor
36:47 Double-Bit Axe
37:58 Bodkin Arrow
39:45 Thumb Ring
40:56 Town Watch
45:02 Imperial Age
44:23 Gold Shaft Mining
44:33 Squires
44:18 Arson
44:46 Forging
44:37 Scale Mail Armor
45:29 Bow Saw
45:22 Heavy Plow
45:38 Arbalester
47:25 Chemistry
46:58 Ring Archer Armor
46:28 Bracer
47:34 Iron Casting
47:14 Chain Mail Armor
47:25 Halberdier
50:22 Caravan
julian_venom
0:26 Loom
11:09 Feudal Age
12:37 Wheelbarrow
11:59 Double-Bit Axe
11:57 Horse Collar
23:10 Castle Age
22:31 Stone Mining
22:55 Gold Mining
24:51 Hand Cart
25:24 Bow Saw
26:00 Heavy Plow
26:46 Husbandry
29:18 Scale Barding Armor
29:25 Bloodlines
33:52 Caravan
40:57 Chain Barding Armor
41:33 Gold Shaft Mining
45:25 Imperial Age
44:37 Tusk Swords
48:16 Heavy Scorpion
xander.dijkstra
12:40 Feudal Age
12:47 Man-at-Arms
16:15 Double-Bit Axe
19:49 Horse Collar
20:03 Gold Mining
22:37 Scale Mail Armor
25:15 Castle Age
25:29 Loom
26:24 Chain Mail Armor
27:04 Bow Saw
27:31 Gold Shaft Mining
27:22 Gambesons
28:07 Heavy Plow
28:36 Stone Mining
33:05 Squires
42:00 Caravan
45:57 Imperial Age
45:33 Forging
46:46 Hamask
48:36 Elite Jomsviking
Lard McFat
8:25 Loom
11:35 Feudal Age
18:31 Castle Age
19:24 Scale Barding Armor
20:53 Forging
22:15 Husbandry
22:28 Fletching
23:17 Double-Bit Axe
25:23 Iron Casting
32:25 Bow Saw
38:24 Chain Barding Armor
45:35 Wheelbarrow
44:45 Town Watch
49:44 Imperial Age
50:16 Cavalier
51:34 Plate Barding Armor
52:16 Paladin
54:10 Blast Furnace
Dzonik
13:18 Feudal Age
13:21 Man-at-Arms
14:09 Loom
24:17 Horse Collar
29:09 Wheelbarrow
29:32 Scale Mail Armor
33:53 Castle Age
32:36 Forging
32:28 Double-Bit Axe
33:09 Gold Mining
34:02 Stone Mining
35:04 Heavy Plow
35:17 Bow Saw
38:19 Hand Cart
43:32 Gambesons
43:35 Long Swordsman
43:54 Pikeman
45:29 Iron Casting
45:22 Chain Mail Armor
46:21 Gold Shaft Mining
51:34 Imperial Age
51:43 Two-Handed Swordsman
51:46 Halberdier
52:58 Conscription
53:47 Blast Furnace
53:18 Plate Mail Armor
53:05 Champion
Klacek
6:51 Loom
9:00 Feudal Age
10:35 Double-Bit Axe
14:34 Fletching
15:43 Padded Archer Armor
24:22 Castle Age
24:11 Scale Mail Armor
24:27 Horse Collar
25:13 Bow Saw
24:26 Crossbowman
25:24 Bodkin Arrow
25:12 Pikeman
26:33 Gold Mining
29:37 Wheelbarrow
31:46 Hand Cart
32:01 Ballistics
34:24 Gold Shaft Mining
36:05 Stone Mining
40:23 Imperial Age
40:34 Arbalester
46:54 Conscription
48:39 Chemistry
47:50 Masonry
47:45 Siege Engineers
Connection lost

Rejoining the realm…

Still unreachable

The connection could not be restored.

Session expired

The server has moved on; the page needs a fresh start.